 Dungeon Crawl Stone Soup version 0.30-a0-728-gc68057be0a (webtiles) character file.

Game seed: 12280189877360281458

1151 NinjaNoafa the Cleaver (level 8, -7/70 HPs)
             Began as a Hill Orc Fighter on Jan 30, 2023.
             Killed by divine providence
             ... invoked by an orc priest
              (8 damage)
             ... on level 6 of the Dungeon.
             The game lasted 00:07:01 (4642 turns).

NinjaNoafa the Cleaver (Hill Orc Fighter)           Turns: 4642, Time: 00:07:02

Health: -7/70      AC: 12    Str: 19    XL:     8   Next: 38%
Magic:  8/8        EV:  6    Int:  8    God:
Gold:   145        SH:  9    Dex: 12    Spells: 7/7 levels left

rFire   + . .      SeeInvis .    x - +0 broad axe
rCold   . . .      Faith    .    z - +0 kite shield
rNeg    + . .      Spirit   .    E - +0 chain mail
rPois   .          Reflect  .    (no helmet)
rElec   .          Harm     .    h - +0 cloak
rCorr   .          Rampage  .    q - +0 pair of gloves
Will    .....                    (no boots) Stlth
                                 (no amulet)
HPRegen 0.31/turn                n - ring of positive energy
MPRegen 0.11/turn                u - ring of protection from fire

@: mighty, lethally poisoned (-7 -> -18), attractive
A: no striking features
a: Convert to Beogh


You were on level 6 of the Dungeon.
You visited 1 branch of the dungeon, and saw 6 of its levels.

You collected 145 gold pieces.

Inventory:

Hand Weapons
 x - a +0 broad axe (weapon)
Missiles
 b - a throwing net
 r - 5 boomerangs (quivered)
 y - a silver boomerang
 C - 3 javelins
 G - 5 poisoned darts
Armour
 h - a +0 cloak (worn)
 q - a +0 pair of gloves (worn)
 z - a +0 kite shield (worn)
 E - a +0 chain mail (worn)
Jewellery
 f - a +6 ring of intelligence
 n - a ring of positive energy (left hand)
 u - a ring of protection from fire (right hand)
 H - a +5 ring of evasion
 I - a ring of fire
Wands
 D - a wand of digging (6)
Scrolls
 a - a scroll of vulnerability {unknown}
 c - a scroll of poison {unknown}
 e - a scroll of blinking {unknown}
 g - 2 scrolls of immolation {unknown}
 i - a scroll of brand weapon {unknown}
 l - a scroll of silence {unknown}
 o - a scroll of enchant weapon {unknown}
 p - a scroll of fear {unknown}
 s - 2 scrolls of identify {unknown}
 v - a scroll of teleportation {unknown}
 B - a scroll of fog {unknown}
Potions
 j - a potion of invisibility {unknown}
 k - a potion of flight {unknown}
 m - a potion of ambrosia {unknown}
 w - a potion of degeneration {unknown}
 A - 3 potions of attraction
 F - a potion of heal wounds {unknown}
 J - a potion of haste {unknown}


   Skills:
 + Level 5.8 Fighting
 - Level 8.3 Axes
 + Level 3.2 Throwing
 + Level 5.6 Armour
 + Level 4.8 Shields


You had 7 spell levels left.
You didn't know any spells.
Your spell library contained the following spells:

 Spells                   Type           Power      Damage    Failure   Level
 Fireball                 Conj/Fire      0%         3d3       100%        5
 Iskenderun's Battlesphe  Conj           0%         2d6       100%        5
 Conjure Ball Lightning   Conj/Air       0%         3x3d6     100%        6
 Orb of Destruction       Conj           0%         9d5       100%        7


Dungeon Overview and Level Annotations

Branches:
Dungeon (6/15)
 Temple: D:4-7

Altars:
Dithmenos
Makhleb
Qazlal
Trog
Vehumet
Wu Jian

Shops:
D:1 (   D:2 (   D:4 ([:

Annotations:
D:5 1 runed translucent door, Hamu's ghost, novice GnWn


Message History

The white imp gestures at you. The puff of frost misses you.
The orc priest invokes the aid of Beogh against you.
Beogh smites you!
* * * LOW HITPOINT WARNING * * *
The kobold brigand hits you but does no damage.
You block the orc priest's attack. The orc hits you but does no damage.
Okay, then.
Okay, then.
You slash the orc priest!
The orc priest is severely wounded.
You barely miss the water moccasin. You closely miss the white imp.
You closely miss the kobold brigand. You closely miss the orc priest.
You slash the orc!
You kill the orc!
You block the water moccasin's attack.
The orc priest shouts, "Beogh is our master!
Accept the truth or die!"
The orc priest barely misses you. The white imp gestures at you.
The puff of frost hits you.
* * * LOW HITPOINT WARNING * * *
The orc priest barely misses you.
The kobold brigand hits you but does no damage.
The water moccasin barely misses you.
Okay, then.
The kobold brigand attacks as you move away!
You block the kobold brigand's attack. You block the water moccasin's attack.
The orc priest casts a cantrip, but nothing happens.
Items here: ( ))) ††.
You closely miss the white imp. You slash the kobold brigand!
You kill the kobold brigand!
You barely miss the water moccasin.
The orc priest shouts, "Surrender to Beogh and we'll let you live!"
The water moccasin bites you.
* * * LOW HITPOINT WARNING * * *
You are lethally poisoned!
The water moccasin poisons you!
The orc priest calls down the wrath of Beogh upon you.
Beogh smites you!
You die...

...........#........##...##
#.........##.......####.##
#........##.......## #_#
........###.........###
.......##......)...
......###.####..## ...##..#
.## #. #.#...# #
##...##)@.### #.....o5S.#
##....)o)......
#.............
....#####....... #..
##...... .. ##.... . #...
##


You could see a water moccasin, 2 orc priests and a white imp.

Vanquished Creatures
  Grinder (D:6)
  A water moccasin (D:6)
  A black bear (D:4)
  An ogre (D:5)
  2 phantoms
  A kobold brigand (D:6)
  2 scorpions
  A jelly (D:4)
  4 hounds
  Natasha (D:1)
  10 adders
  An ufetubus (D:5)
  3 worms
  11 orcs
  12 endoplasms
  3 giant cockroaches
  6 goblins
  8 hobgoblins
  7 quokkas
  6 ball pythons
  7 bats
  3 frilled lizards
  15 kobolds
  10 rats
117 creatures vanquished.

Vanquished Creatures (others)
  A demonic plant (D:3)
  3 fungi (D:3)
  2 plants (D:3)
  2 withered plants (D:3)
8 creatures vanquished.

Grand Total: 125 creatures vanquished

Notes
Turn   | Place    | Note
-------+----------+-------------------------------------------
     0 | D:1      | NinjaNoafa the Hill Orc Fighter began the quest for the
                  | Orb.
     0 | D:1      | Reached XP level 1. HP: 19/19 MP: 1/1
    35 | D:1      | Reached skill level 3 in Axes
    97 | D:1      | Reached XP level 2. HP: 12/26 MP: 2/2
   110 | D:1      | Reached skill level 4 in Axes
   257 | D:1      | Reached XP level 3. HP: 33/33 MP: 3/3
   270 | D:1      | Found Fucushel's Weapon Emporium.
   538 | D:2      | Noticed Natasha
   546 | D:1      | Killed Natasha
   552 | D:1      | Reached XP level 4. HP: 34/41 MP: 4/4
   584 | D:2      | Identified the +6 dagger of Anger {protect, rElec Dex+5}
  1040 | D:2      | Found Roecowac's Weapon Shoppe.
  1676 | D:3      | Reached skill level 5 in Fighting
  1676 | D:3      | Reached XP level 5. HP: 48/48 MP: 5/5
  1703 | D:3      | Found a faded altar of an unknown god.
  2539 | D:4      | Found Henedalu's Antique Weapon Shoppe.
  2542 | D:4      | Reached skill level 5 in Armour
  2543 | D:4      | Noticed a black bear
  2550 | D:4      | Killed a black bear
  2551 | D:4      | Reached skill level 5 in Axes
  2551 | D:4      | Reached XP level 6. HP: 48/56 MP: 6/6
  2565 | D:4      | Reached skill level 6 in Axes
  2643 | D:4      | Found Imnajuho's Antique Armour Shop.
  2709 | D:4      | Reached skill level 7 in Axes
  2966 | D:4      | Reached XP level 7. HP: 57/61 MP: 7/7
  3136 | D:4      | Found Wibaney's Book Shop.
  3220 | D:4      | Found a radiant altar of Vehumet.
  3416 | D:4      | Reached skill level 8 in Axes
  3535 | D:5      | Entered Level 5 of the Dungeon
  3661 | D:5      | Found a runed translucent door.
  3689 | D:5      | Noticed Hamu's ghost (novice GnWn)
  3721 | D:5      | Reached skill level 1 in Throwing
  4279 | D:6      | Reached XP level 8. HP: 24/68 MP: 8/8
  4497 | D:6      | Noticed Grinder
  4498 | D:6      | Paralysed by Grinder for 5 turns
  4510 | D:6      | Paralysed by Grinder for 5 turns
  4516 | D:6      | Killed Grinder
  4558 | D:6      | Found a stormy altar of Qazlal.
  4558 | D:6      | Found a burning altar of Makhleb.
  4566 | D:6      | Found a bloodstained altar of Trog.
  4568 | D:6      | Found an ornate altar of the Wu Jian Council.
  4570 | D:6      | Found a shadowy altar of Dithmenos.
  4642 | D:6      | HP: 1/70 [water moccasin (5)]
  4642 | D:6      | Killed from afar by an orc priest

Illustrated notes

Levels and vault maps discovered:
D:1:      scummos_arrival_simple_fountains, layout_rooms, serial_shops, shop
D:2:      layout_basic, serial_shops, nicolae_shop_competitors_out_of_business,
          uniq_crazy_yiuf_cottage, uniq_natasha
D:3:      layout_basic, shapermc_ecumenical_altar_gd, st_stairs_12
D:4:      layout_basic, fiery_altar_vehumet, serial_shops, nicolae_square_shop,
          nicolae_shop_temple_entry_statues_fountains, nicolae_diamond_shop,
          glass_columns_a
D:5:      layout_loops_cross, ebering_ghost_reflecting_pool, chequers_avenue
D:6:      layout_cave_pools, chequers_temple_overflow_minitemple, corexii_shack,
          minmay_misc_feat_alley, uniq_prince_ribbit1, uniq_grinder

Skill      XL: |  1  2  3  4  5  6  7  8 |
---------------+-------------------------+-----
Axes           | 3 4 5 7 8 |  8.3
Fighting       | 4 5 |  5.8
Armour         | 4 5 |  5.6
Throwing       | 2 3 |  3.2
Shields        | 4 |  4.8

Action                     |  1- 3 |  4- 6 |  7- 9 || total
---------------------------+-------+-------+-------++-------
  Melee: War axe           |    76 |    79 |       ||   155
         Broad axe         |       |    72 |    91 ||   163
  Throw: Boomerang         |       |     2 |     7 ||     9
         Javelin           |       |       |     6 ||     6
    Use: Potion            |       |     1 |     6 ||     7
         Scroll            |       |       |     1 ||     1
 Armour: Scale mail        |    47 |    74 |    16 ||   137
         Chain mail        |       |       |    48 ||    48
  Dodge: Dodged            |    53 |    70 |    30 ||   153
  Block: Buckler           |    23 |    36 |       ||    59
         Kite shield       |       |    24 |    59 ||    83

Table legend: (Time is in decaauts)
 A = Elapsed time spent in this place.
 B = Non-inter-level travel time spent in this place.
 C = Inter-level travel time spent in this place.
 D = Time resting spent in this place.
 E = Time spent auto-exploring this place.
 F = Levels seen in this place.
 G = Mean time per level.
                   A        B        C        D        E       F      G
               +--------+--------+--------+--------+--------+-----+--------+
         Total |   4763 |   4589 |    174 |     24 |   3544 |   6 |  793.8 |
       Dungeon |   4763 |   4589 |    174 |     24 |   3544 |   6 |  793.8 |
               +--------+--------+--------+--------+--------+-----+--------+

Top non-repeatable levels by time:
     D:3: 1038 daAuts
     D:4: 1035 daAuts
     D:2: 958 daAuts
     D:5: 739 daAuts
     D:1: 599 daAuts
     D:6: 392 daAuts
